 Dungeon Crawl Stone Soup version 0.29.1-4-g47bece8355 (webtiles) character file.

Game seed: 2309012322480681013

3 Jotpek the Cudgeller (level 1, -1/20 HPs)
             Began as a Minotaur Berserker on Dec 11, 2022.
             Was a Follower of Trog.
             Slain by a quokka (3 damage)
             ... on level 1 of the Dungeon.
             The game lasted 00:00:29 (140 turns).

Jotpek the Cudgeller (Minotaur Berserker)            Turns: 140, Time: 00:00:29

Health: -1/20      AC:  0    Str: 21    XL:     1   Next: 41%
Magic:  0/0        EV: 12    Int:  4    God:    Trog [*.....]
Gold:   0          SH:  0    Dex:  9    Spells: 0/0 levels left

rFire   . . .      SeeInvis .   a - +0 mace
rCold   . . .      Faith    .   (no shield)
rNeg    . . .      Spirit   .   (no body armour)
rPois   .          Reflect  .   (helmet restricted)
rElec   .          Harm     .   (no cloak)
rCorr   .          Rampage  .   (no gloves)
Will    .....                   (no boots)
Stlth   +.........              (no amulet)
HPRegen 0.06/turn               (no ring)
MPRegen 0.07/turn               (no ring)

@: no status effects
A: horns 2, retaliatory headbutt
a: Renounce Religion, Berserk


You were on level 1 of the Dungeon.
You worshipped Trog.
Trog was aware of your devotion.
You visited 1 branch of the dungeon, and saw 1 of its levels.

Inventory:

Hand Weapons
 a - a +0 mace (weapon)
Armour
 b - a +0 animal skin
 c - a +0 leather armour


   Skills:
 + Level 3.7 Fighting
 + Level 3.7 Maces & Flails
 + Level 2.4 Armour
 + Level 2.2 Dodging


You couldn't memorise any spells.
You didn't know any spells.
Your spell library was empty.

Dungeon Overview and Level Annotations

Branches:
Dungeon (1/15)

Altars:


Innate Abilities, Weirdness & Mutations

You have a pair of horns on your head.
You reflexively headbutt those who attack you in melee.


Message History

c - a +0 leather armour A rat is nearby!
You start removing your armour.
You continue taking off your +0 animal skin. x3
The rat bites you but does no damage.
You continue taking off your +0 animal skin.
The rat misses you.
You finish taking off your +0 animal skin.
You closely miss the rat. You headbutt the rat, but do no damage.
The rat bites you.
You hit the rat.
You kill the rat!
Trog accepts your kill.
Found 16 gold pieces.
HP restored.
A quokka comes into view.
Found a faded altar of an unknown god.
A quokka comes into view.
A hobgoblin comes into view.
The hobgoblin shouts!
The quokka bites you.
You barely miss the quokka. The quokka completely misses you.
You hit the quokka.
The quokka is moderately wounded.
The quokka misses you. The quokka bites you.
You barely miss the quokka. The hobgoblin barely misses you.
The quokka bites you. The quokka closely misses you. You furiously retaliate!
You headbutt the quokka. The hobgoblin closely misses you.
You furiously retaliate!
You headbutt the hobgoblin. You hit the quokka but do no damage.
The quokka is severely wounded.
The quokka bites you.
* * * LOW HITPOINT WARNING * * *
The quokka closely misses you. You furiously retaliate!
You headbutt the quokka. The hobgoblin barely misses you.
The hobgoblin attacks as you move away! The hobgoblin barely misses you.
Found a leather armour.
The quokka bites you.
* * * LOW HITPOINT WARNING * * *
The quokka bites you.
You die...

[.. .#....# ......
..... ...... ..#.#
...... .... ..#...
......##..# #......##
.......#..###........
..§§§................
.....$.#@.##.........
.....§grr.##.........
.....#.##.##.........
.#. ... #............
...######..........
..... #....††.......
###. #............. #
#......#######
#......### ###..


You could see 2 quokkas and a hobgoblin.

Vanquished Creatures
  A quokka (D:1)
  A ball python (D:1)
  2 rats (D:1)
4 creatures vanquished.

Notes
Turn   | Place    | Note
-------+----------+-------------------------------------------
     0 | D:1      | Jotpek the Minotaur Berserker began the quest for the Orb.
     0 | D:1      | Reached XP level 1. HP: 19/19 MP: 0/0
   130 | D:1      | Found a faded altar of an unknown god.
   140 | D:1      | Slain by a quokka

Illustrated notes

Levels and vault maps discovered:
D:1:      lightli_arrival_windingriver, layout_rooms,
          ebering_ecumenical_altar_mist

Action                   || total
-------------------------++-------
Melee: Mace              ||     9
       Headbutt          ||     2
Armor: Animal skin       ||     1
Dodge: Dodged            ||    15
